 Dungeon Crawl Stone Soup version 0.30.1-11-g7821555f0a (webtiles) character file.

Game seed: 7204152291534584361

3632 MarkCalloway the Covered (level 9, 0/68 HPs)
             Began as a Demonspawn Fighter on Nov 1, 2023.
             Was an Elder of Jiyva.
             Succumbed to their own poison gas
             ... on level 8 of the Dungeon.
             The game lasted 00:27:28 (6272 turns).

MarkCalloway the Covered (Demonspawn Fighter)       Turns: 6272, Time: 00:27:28

Health: 0/68       AC: 10    Str: 17    XL:     9   Next: 87%
Magic:  14/14      EV: 12    Int: 14    God:    Jiyva [****..]
Gold:   390        SH:  5    Dex: 15    Spells: 15/15 levels left

rFire   . . .        u - +0 spear of Jaisch {venom, rCorr}
rCold   . . .        c - +0 buckler
rNeg    . . .        b - +0 scale mail
rPois   .            (no helmet)
rElec   .            (no cloak)
rCorr   +            t - +2 pair of gloves {Dex+3}
SInv    .            (no boots)
Will    .....        (no amulet)
Stlth   ++           (no ring)
HPRegen 1.59/turn    (no ring)
MPRegen 0.54/turn

%: no passive effects
@: lethally poisoned (0 -> -1), studying Ranged Weapons
A: claws 1, ignite blood 2, powered by death 1, sturdy frame 2, eyeballs 2,
jelly sensing items, jelly absorbing missiles
a: Renounce Religion, Oozemancy, Slimify


You were on level 8 of the Dungeon.
You worshipped Jiyva.
Jiyva was greatly pleased with you.
You visited 1 branch of the dungeon, and saw 8 of its levels.

You collected 423 gold pieces.
You spent 33 gold pieces at shops.

Inventory:

Hand Weapons
 a - a +0 war axe
 u - the +0 spear of Jaisch (weapon) {venom, rCorr}
   (You took it off a gnoll sergeant on level 5 of the Dungeon)

   rCorr:     It protects you from acid and corrosion.
Missiles
 k - 2 silver boomerangs (quivered)
Armour
 b - a +0 scale mail (worn)
 c - a +0 buckler (worn)
 t - a +2 pair of gloves of dexterity (worn)
Jewellery
 d - an amulet of reflection
 g - an amulet of magic regeneration
 z - a ring of protection from cold
 A - a ring of poison resistance
Wands
 m - a wand of polymorph (9)
 w - a wand of iceblast (2)
 B - a wand of quicksilver (8)
Scrolls
 f - 2 scrolls of poison
 n - 4 scrolls of fog
 p - 2 scrolls of amnesia
 r - a scroll of noise
 v - a scroll of brand weapon {unknown}
 y - a scroll of enchant weapon {unknown}
 D - a scroll of enchant armour {unknown}
Potions
 e - a potion of haste {unknown}
 i - a potion of berserk rage {unknown}
 l - 4 potions of ambrosia
 o - 2 potions of magic
 q - a potion of attraction {unknown}
 s - a potion of degeneration {unknown}
 C - a potion of lignification {unknown}


   Skills:
 * Level 5.3 Fighting
 - Level 4.1(5.1) Axes
 * Level 4.4(5.2) Polearms
 * Level 3.3 Throwing
 * Level 5.9 Armour
 * Level 3.5 Dodging
 * Level 4.3 Stealth
 * Level 4.6 Shields
 * Level 3.5 Spellcasting
 * Level 3.8 Evocations


You had 15 spell levels left.
You didn't know any spells.
Your spell library contained the following spells:

 Spells                   Type           Power      Damage    Failure   Level
 Necrotise                Necr           8%         1d4       36%         1
 Slow                     Hex            8%         N/A       36%         1
 Blink                    Tloc           4%         N/A       50%         2
 Lesser Beckoning         Tloc           4%         N/A       50%         2
 Momentum Strike          Conj/Tloc      4%         3d8       50%         2
 Confusing Touch          Hex            2%         N/A       75%         3
 Vampiric Draining        Necr           2%         2d6       75%         3
 Agony                    Necr           2%         N/A       100%        5


Dungeon Overview and Level Annotations

Branches:
Dungeon (8/15)             Temple (0/1) D:5
   Lair: D:8-11

Altars:
Gozag
Hepliaklqana
Xom
Jiyva

Shops:
D:1 !


Innate Abilities, Weirdness & Mutations

You have sharp fingernails.
Your demonic aura often causes spilled blood to erupt in flames.
You regenerate a little health from kills.
Your movements are less encumbered by armour. (ER -4)
Your body has grown many eyes which may confuse attackers. (Acc +5)
You have a small jelly attached to you that senses nearby items.
You have a small jelly attached to you that may absorb projectiles.


Message History

The death yak is severely wounded.
The death yak is engulfed in poison gas.
The death yak looks as sick as possible!
You block the death yak's attack.
The death yak is engulfed in poison gas.
The death yak looks as sick as possible!
The death yak snorts and paws the ground.
The death yak gores you but does no damage.
The death yak is engulfed in poison gas.
The death yak looks as sick as possible!
The death yak gores you but does no damage.
You hit the death yak but do no damage.
The death yak looks as sick as possible!
The death yak is severely wounded.
The death yak is engulfed in poison gas.
The death yak looks as sick as possible!
The death yak gores you but does no damage.
The death yak is engulfed in poison gas.
The death yak looks as sick as possible!
The death yak gores you but does no damage.
The death yak is engulfed in poison gas.
The death yak looks as sick as possible!
The death yak gores you!!
* * * LOW HITPOINT WARNING * * *
You feel much better.
The death yak is engulfed in poison gas.
The death yak looks as sick as possible!
The death yak gores you!!
The death yak is engulfed in poison gas.
The death yak looks as sick as possible!
The death yak closely misses you.
The death yak looks as sick as possible!
The death yak barely misses you.
Really walk into that cloud of poison gas?
The death yak attacks as you move away! The death yak gores you!!
* * * LOW HITPOINT WARNING * * *
You are engulfed in poison gas.
You are poisoned.
* * * LOW HITPOINT WARNING * * *
You die...

# # #.... # §§○☼. #
###########○°.#
#########.°°.°§○.☼°.☼○
........§.§○○☼☼°☼☼§○#
........°§§○°°§☼☼§§°#
........☼§☼.§§○..☼.§+
........°☼○☼§○○§@○○.###
##......○.°☼☼○Y○§.§.○°☼.
#>......☼.°§°YY########
#.###....○☼###)### #.#
#..§°☼.# #°○.### ......
#.# #..§...# ###.Y.#
...... #.# #......#
###Y# ...... #.#
#......# #o### ......
.... #o..# .!....


You could see 3 death yaks.

Vanquished Creatures
  A death yak (D:8)
  A komodo dragon (D:6)
  The ghost of booth the Cudgeller, a novice GrRe (D:5)
  A hornet (D:8)
  2 steam dragons
  2 water moccasins
  A swamp drake (D:6)
  A sky beast (D:8)
  3 orc warriors
  An ogre (D:6)
  2 phantoms
  2 bullfrogs
  2 gnoll sergeants (D:5)
  2 scorpions (D:5)
  2 howler monkeys
  4 hounds
  A jelly (D:7)
  4 orc priests
  A gnoll bouda (D:5)
  Natasha (thrice) (D:4)
  3 iguanas
  4 orc wizards
  9 gnolls
  2 adders
  A shadow imp (D:7)
  2 white imps
  A dart slug (D:3)
  17 orcs
  4 endoplasms
  5 giant cockroaches
  5 goblins
  6 hobgoblins
  11 jackals
  3 quokkas
  9 ball pythons
  3 bats
  5 frilled lizards
  6 kobolds
  8 rats
141 creatures vanquished.

Vanquished Creatures (others)
  The ghost of rundlesten the Sneak, a novice OpHW (D:6)
  A sky beast (D:6)
  A crimson imp (D:7)
  5 jellies
  2 hounds
  An orc priest (D:6)
  An iguana (D:6)
  5 gnolls
  3 adders
  2 orcs (D:6)
  2 ball pythons
  A giant cockroach (D:2)
  A goblin (D:4)
  A hobgoblin (D:2)
27 creatures vanquished.

Grand Total: 168 creatures vanquished

Notes
Turn   | Place    | Note
-------+----------+-------------------------------------------
     0 | D:1      | MarkCalloway the Demonspawn Fighter began the quest for the
                  | Orb.
     0 | D:1      | Reached XP level 1. HP: 18/18 MP: 1/1
   106 | D:1      | Found Welic's Distillery.
   296 | D:1      | Bought a potion of curing for 33 gold pieces
   611 | D:1      | Gained mutation: Your demonic aura sometimes causes spilled
                  | blood to erupt in flames. [demonic ancestry]
   611 | D:1      | Reached XP level 2. HP: 18/24 MP: 2/2
   857 | D:2      | Gained mutation: You have sharp fingernails. [demonic
                  | ancestry]
   857 | D:2      | Reached XP level 3. HP: 14/29 MP: 3/3
  1375 | D:3      | Reached skill level 1 in Stealth
  1926 | D:2      | Found a faded altar of an unknown god.
  1943 | D:2      | Prayed at the altar of an unknown god.
  1943 | D:2      | Became a worshipper of Jiyva Jyakieni the Shapeless
  1943 | D:2      | Reached * piety under Jiyva
  2194 | D:2      | Gained mutation: Your demonic aura often causes spilled
                  | blood to erupt in flames. [demonic ancestry]
  2194 | D:2      | Reached XP level 4. HP: 35/35 MP: 4/4
  2558 | D:4      | Reached ** piety under Jiyva
  2579 | D:4      | Noticed Natasha
  2588 | D:4      | Killed Natasha
  2590 | D:4      | Noticed Natasha
  2597 | D:4      | Killed Natasha
  2626 | D:4      | Noticed Natasha
  2639 | D:4      | Killed Natasha
  2640 | D:4      | Gained mutation: Your movements are slightly less
                  | encumbered by armour. (ER -2) [demonic ancestry]
  2640 | D:4      | Reached XP level 5. HP: 38/41 MP: 4/6
  3060 | D:4      | Noticed a phantom
  3070 | D:4      | Killed a phantom
  3071 | D:4      | Reached skill level 1 in Spellcasting
  3071 | D:4      | Reached skill level 1 in Evocations
  3221 | D:5      | Entered Level 5 of the Dungeon
  3228 | D:5      | Reached skill level 1 in Dodging
  3241 | D:5      | Found a staircase to the Ecumenical Temple.
  3281 | D:5      | Found a transporter.
  3285 | D:5      | Noticed a water moccasin
  3292 | D:5      | Killed a water moccasin
  3293 | D:5      | Gained mutation: You regenerate a little health from kills.
                  | [demonic ancestry]
  3293 | D:5      | Reached XP level 6. HP: 48/48 MP: 7/7
  3303 | D:5      | Identified the +0 spear of Jaisch {venom, rCorr}
  3305 | D:5      | Noticed booth's ghost (novice GrRe)
  3341 | D:5      | Paralysed by a gnoll for 2 turns
  3350 | D:5      | Reached XP level 7. HP: 53/53 MP: 9/9
  3354 | D:5      | Found a transporter.
  3402 | D:5      | Reached skill level 1 in Throwing
  3497 | D:5      | Reached *** piety under Jiyva
  3497 | D:5      | Gained mutation: You have a small jelly attached to you
                  | that senses nearby items. [Jiyva's grace]
  3497 | D:5      | Gained mutation: You have a small jelly attached to you
                  | that may absorb projectiles. [Jiyva's grace]
  3497 | D:5      | Gained mutation: Your body has grown eyes which may confuse
                  | attackers. (Acc +3) [Jiyva's grace]
  3497 | D:5      | Gained mutation: Your body has grown many eyes which may
                  | confuse attackers. (Acc +5) [Jiyva's grace]
  3646 | D:5      | Noticed Pikel
  3649 | D:5      | Pikel changed into Pikel the orc
  3649 | D:5      | Noticed Pikel
  3653 | D:5      | Killed Pikel the orc
  3773 | D:5      | Noticed Edmund
  3779 | D:5      | Edmund changed into Edmund the howler monkey
  3779 | D:5      | Noticed Edmund
  3790 | D:5      | Killed Edmund the howler monkey
  4249 | D:5      | Killed booth's ghost
  4250 | D:5      | Reached skill level 1 in Polearms
  4250 | D:5      | Gained mutation: Your movements are less encumbered by
                  | armour. (ER -4) [demonic ancestry]
  4250 | D:5      | Reached XP level 8. HP: 60/60 MP: 7/11
  4572 | D:6      | Found a shimmering altar of Xom.
  4656 | D:6      | Reached skill level 5 in Armour
  4923 | D:6      | Found a runed translucent gate.
  4924 | D:6      | Found a runed translucent gate.
  4924 | D:6      | Found an opulent altar of Gozag.
  4925 | D:6      | Found a runed translucent gate.
  4929 | D:6      | Noticed a komodo dragon
  4931 | D:6      | Noticed rundlesten's ghost (novice OpHW)
  5012 | D:6      | Killed rundlesten's ghost
  5031 | D:6      | Killed a komodo dragon
  5032 | D:6      | Reached XP level 9. HP: 66/66 MP: 13/13
  5350 | D:7      | Found a hazy altar of Hepliaklqana.
  5628 | D:7      | Reached **** piety under Jiyva
  5721 | D:7      | Reached skill level 5 in Fighting
  6225 | D:8      | Noticed a death yak
  6247 | D:8      | Noticed a death yak
  6247 | D:8      | Noticed a death yak
  6247 | D:8      | Noticed a death yak
  6258 | D:8      | Killed a death yak
  6272 | D:8      | HP: 3/68 [death yak (23)]
  6272 | D:8      | HP: 1/68 [cloud of poison gas (2)]
  6272 | D:8      | Succumbed to their own poison gas

Illustrated notes

Levels and vault maps discovered:
D:1:      dpeg_arrival_ternary, layout_basic, serial_shops,
          nicolae_shop_behind_doors, minivault_11,
          wander_ebering_terrifying_dragon_lair
D:2:      layout_loops_ring, ebering_ecumenical_altar_ruins,
          corexii_item_surrounded_by_moat
D:3:      layout_loops_ring
D:4:      layout_loops_cross, uniq_natasha
D:5:      layout_loops_ring, minmay_temple_entry_mini_moons,
          gammafunk_ghost_gnarly_gnolls, minmay_hedge_maze, uniq_edmund,
          uniq_pikel
D:6:      layout_cave_pools, nicolae_overflow_hidden_temple,
          ebering_ghost_gozag, serial_glass, glass_columns_a, glass_columns_b,
          kennysheep_generic_room_12
D:7:      layout_cave_pools, nicolae_hepliaklqana_hazy_memory,
          minmay_fire_ice_demons
D:8:      layout_basic, zin_scriptorium, dpeg_lair_monsters

Skill      XL: |  1  2  3  4  5  6  7  8  9 |
---------------+----------------------------+-----
Axes           | 2 3 4 |  4.1
Shields        | 3 4 |  4.6
Armour         | 3 4 5 |  5.9
Stealth        | 1 2 3 4 |  4.3
Spellcasting   | 1 2 3 |  3.5
Evocations     | 1 2 3 |  3.8
Dodging        | 1 2 3 |  3.5
Fighting       | 4 5 |  5.3
Throwing       | 1 2 3 |  3.3
Polearms       | 1 2 4 |  4.4

Action                     |  1- 3 |  4- 6 |  7- 9 || total
---------------------------+-------+-------+-------++-------
  Melee: War axe           |   156 |    75 |     8 ||   239
         Unarmed           |       |     2 |       ||     2
         Spear             |       |       |   215 ||   215
  Throw: Throwing net      |       |       |     4 ||     4
         Boomerang         |       |       |     2 ||     2
 Invoke: Oozemancy         |       |       |     2 ||     2
  Evoke: Wand              |       |     1 |    15 ||    16
    Use: Scroll            |     6 |     5 |     3 ||    14
         Potion            |     1 |     1 |     6 ||     8
   Stab: Confused          |       |       |     6 ||     6
         Held in net/web   |       |       |     1 ||     1
         Paralysed         |       |       |     3 ||     3
 Armour: Scale mail        |    89 |    40 |    99 ||   228
         Skin              |       |     1 |       ||     1
  Dodge: Dodged            |    97 |    55 |   124 ||   276
  Block: Buckler           |    38 |    22 |    53 ||   113
